[Event "Titled Tuesday Blitz November 07 Early 2023"]
[White "Perdomo, Leandro"]
[Black "Le, Tuan Minh"]
[WhiteFideId "109746"]
[BlackFideId "12401153"]
[WhiteElo "2713"]
[BlackElo "3062"]
[Result "0-1"]
[Round "8"]
[TimeControl "180+1"]
[Date "2023.11.07"]
[WhiteClock "0:00:00"]
[BlackClock "0:00:10"]
[Board "19"]

1. d4 d5 2. c4 c6 3. Nf3 Nf6 4. cxd5 cxd5 5. Nc3 Nc6 6. e3 a6 7. Ne5 Bd7 8. Bd3 e6 9. O-O Bb4 10. Bd2 O-O 11. Qf3 Ne7 12. Qh3 Ng6 13. f4 Rc8 14. Rf3 Bb5 15. Bc2 a5 16. g4 Ba6 17. g5 Ne4 18. Bxe4 dxe4 19. Rg3 Bxc3 20. bxc3 Ne7 21. Qg4 Nf5 22. Rh3 g6 23. Qg2 Qb6 24. Nd7 Qd8 25. Nf6+ Qxf6 26. gxf6 Bd3 27. Rg3 b5 28. Rg5 h6 29. Rxf5 exf5 30. Kh1 Kh7 31. Rg1 Rc6 32. h4 Rxf6 33. h5 Bc4 34. Qh2 Rg8 35. Qh4 Re6 36. Bc1 Be2 37. Rg3 Bxh5 38. Ba3 Rc8 39. Bc5 b4 40. cxb4 axb4 41. Rg1 Ra8 42. Qf2 Bf3+ 43. Kh2 Rea6 44. Rb1 Rxa2 45. Rb2 b3 46. d5 Rxb2 47. Qxb2 Ra2 48. Bd4 Kg8 49. Kg3 Rxb2 50. Bxb2 Kf8 51. Ba3+ Ke8 52. Kf2 Kd7 53. Ke1 g5 54. Kf2 f6 55. Kg3 h5 56. Kf2 h4 57. Kg1 g4 58. Kh2 Be2 59. Kg2 g3 60. d6 Bg4 61. Bb2 Kxd6 62. Bxf6 Kd5 63. Bb2 Kc4 0-1


[Site "https://www.chess.com"]

[Event "Titled Tuesday Blitz November 07 Early 2023"]
[White "NovozhilovSemen"]
[Black "Paravyan, David"]
[BlackFideId "4194985"]
[WhiteElo "2705"]
[BlackElo "3059"]
[Result "1-0"]
[Round "8"]
[TimeControl "180+1"]
[Date "2023.11.07"]
[WhiteClock "0:00:14"]
[BlackClock "0:00:23"]
[Board "20"]

1. d4 Nf6 2. Nf3 d5 3. c4 e6 4. g3 dxc4 5. Bg2 Bb4+ 6. Bd2 a5 7. O-O O-O 8. e3 Ra6 9. Ne5 b5 10. b3 cxb3 11. axb3 c5 12. Bxb4 axb4 13. Rxa6 Nxa6 14. Qd3 Qb6 15. Rc1 cxd4 16. Rc6 Qb8 17. Qxd4 h6 18. Nd2 Nc7 19. Rb6 Qa7 20. Nc6 Qa2 21. Ne7+ Kh7 22. Rc6 Nfe8 23. Nxc8 Nd5 24. Bxd5 exd5 25. Qxd5 Nf6 26. Qd3+ Kh8 27. Nd6 Kg8 28. f3 Rd8 29. Rc8 Rxc8 30. Nxc8 Qa1+ 31. Kg2 Qc3 32. Ne7+ Kh8 33. Qd4 Kh7 34. g4 g6 35. Ne4 Nxe4 36. fxe4 Qxb3 37. Nd5 Qc2+ 38. Kg3 Qc1 39. Nf6+ Kg7 40. Nh5+ Kf8 41. Qd8# 1-0


[Site "https://www.chess.com"]

[Event "Titled Tuesday Blitz November 07 Early 2023"]
[White "Tsydypov, Zhamsaran"]
[Black "Koellner, Ruben Gideon"]
[WhiteFideId "4108566"]
[BlackFideId "12993093"]
[WhiteElo "3005"]
[BlackElo "2704"]
[Result "1-0"]
[Round "8"]
[TimeControl "180+1"]
[Date "2023.11.07"]
[WhiteClock "0:02:13"]
[BlackClock "0:00:29"]
[Board "21"]

1. d4 d6 2. e4 Nf6 3. Nc3 e5 4. Nf3 Nbd7 5. Rg1 c6 6. g4 h6 7. h4 exd4 8. Nxd4 Ne5 9. g5 hxg5 10. hxg5 Nfg4 11. Be2 Nh2 12. Be3 Rh3 13. Qd2 c5 14. O-O-O cxd4 15. Qxd4 Nhf3 16. Qb4 Nxg1 17. Rxg1 Rxe3 18. fxe3 Qb6 19. Bb5+ Bd7 20. Nd5 Bxb5 21. Nxb6 axb6 22. Qxb5+ Nd7 23. g6 f6 24. Qc4 Kd8 25. a3 Ra5 26. Rh1 Rc5 27. Qf7 Re5 28. Rh8 Re8 29. a4 Ne5 30. Qxb7 Nxg6 31. Qxb6+ Ke7 32. Qb7+ Ke6 33. Rh5 Ne5 34. a5 g5 35. a6 g4 36. a7 g3 37. a8=Q Rxa8 38. Qxa8 g2 39. Qe8+ Be7 40. Qg8+ Kd7 41. Qxg2 1-0


[Site "https://www.chess.com"]

[Event "Titled Tuesday Blitz November 07 Early 2023"]
[White "Nagare Kaivalya Sandip"]
[Black "Ibarra Jerez, Jose Carlos"]
[WhiteFideId "25957929"]
[BlackFideId "2226332"]
[WhiteElo "2704"]
[BlackElo "2984"]
[Result "0-1"]
[Round "8"]
[TimeControl "180+1"]
[Date "2023.11.07"]
[WhiteClock "0:00:05"]
[BlackClock "0:00:08"]
[Board "22"]

1. e4 Nc6 2. Nf3 d6 3. d4 Nf6 4. d5 Nb8 5. Bd3 g6 6. h3 Bg7 7. O-O O-O 8. c4 a5 9. Nc3 e5 10. a3 Nbd7 11. Be3 Nh5 12. b4 Nf4 13. Bc2 Qf6 14. Nh2 Nb6 15. Bxb6 cxb6 16. Kh1 Qg5 17. Rg1 Qh4 18. Qf3 Qe7 19. Na4 Qc7 20. Qe3 axb4 21. axb4 b5 22. Nb6 Rxa1 23. Rxa1 bxc4 24. Nxc8 Rxc8 25. Bd1 Nd3 26. Bg4 Rf8 27. Be2 Nxb4 28. Qc3 Qc5 29. Qxc4 Qxf2 30. Ng4 Qc5 31. Rb1 Na6 32. Rxb7 Qxc4 33. Bxc4 Nc5 34. Rb6 Nxe4 35. Bd3 Nc5 36. Bb5 Rd8 37. Ne3 Bf8 38. Nc4 f5 39. Na5 Ra8 40. Nb7 Rb8 41. Bc6 Nxb7 42. Rxb7 Rxb7 43. Bxb7 e4 44. Kg1 Kg7 45. Kf2 Kf6 46. Ke3 Ke5 47. Bc6 Bh6+ 48. Ke2 Bc1 49. Bb7 h6 50. Bc6 h5 51. h4 Kf6 52. g3 Bb2 53. Kf2 Bd4+ 54. Kg2 g5 55. Be8 gxh4 56. gxh4 f4 57. Bxh5 Kf5 58. Bd1 f3+ 59. Kg3 Be5+ 60. Kf2 Kf4 61. h5 Bg7 62. Bc2 e3+ 63. Ke1 Bc3+ 64. Kd1 e2+ 65. Kc1 e1=Q+ 66. Bd1 Qd2+ 67. Kb1 Qb2# 0-1


[Site "https://www.chess.com"]

[Event "Titled Tuesday Blitz November 07 Early 2023"]
[White "Ovetchkin, Roman"]
[Black "Elsa167"]
[WhiteFideId "4119991"]
[WhiteElo "2694"]
[BlackElo "2980"]
[Result "0-1"]
[Round "8"]
[TimeControl "180+1"]
[Date "2023.11.07"]
[WhiteClock "0:00:03"]
[BlackClock "0:00:26"]
[Board "23"]

1. d4 Nf6 2. c4 g6 3. Nc3 Bg7 4. e4 d6 5. Nf3 Bg4 6. Be2 Bxf3 7. Bxf3 e5 8. d5 h5 9. O-O Nbd7 10. Rb1 a5 11. a3 Bh6 12. Bxh6 Rxh6 13. Qd2 Rh8 14. b4 b6 15. Bd1 axb4 16. axb4 Kf8 17. Bc2 Kg7 18. Ra1 h4 19. Nb5 Rxa1 20. Rxa1 Nh5 21. Qe3 Nf4 22. Qf3 Nf6 23. Ra7 g5 24. Nxc7 g4 25. Qe3 Kg6 26. Nb5 Nh7 27. g3 hxg3 28. hxg3 Ng5 29. gxf4 Nf3+ 30. Kf1 Rh1+ 31. Ke2 Re1+ 32. Kd3 Rxe3+ 33. Kxe3 exf4+ 34. Kxf4 Qg5+ 35. Kg3 Qh4+ 36. Kf4 Qxf2 37. e5+ Qxc2 0-1


[Site "https://www.chess.com"]

[Event "Titled Tuesday Blitz November 07 Early 2023"]
[White "Rasulov, Vugar"]
[Black "Arifarsky"]
[WhiteFideId "13402390"]
[WhiteElo "2968"]
[BlackElo "2693"]
[Result "1-0"]
[Round "8"]
[TimeControl "180+1"]
[Date "2023.11.07"]
[WhiteClock "0:00:04"]
[BlackClock "0:00:00"]
[Board "24"]

1. a3 Nf6 2. b4 g6 3. Bb2 Bg7 4. g3 O-O 5. Bg2 d6 6. Nf3 e5 7. d3 a5 8. O-O Nc6 9. b5 Ne7 10. c4 Nd7 11. Nc3 h6 12. d4 exd4 13. Nxd4 Nc5 14. e3 Rb8 15. Qc2 h5 16. Rad1 h4 17. Nd5 Nxd5 18. cxd5 h3 19. Bh1 Re8 20. Rfe1 Bd7 21. a4 Qg5 22. Ba3 b6 23. Bb2 Bg4 24. f3 Bd7 25. e4 Re7 26. Bc1 Qf6 27. Be3 Rbe8 28. Bf2 Qg5 29. Ne2 f5 30. Nf4 fxe4 31. fxe4 Bg4 32. Rc1 Rf7 33. Rf1 Be5 34. Be3 Ref8 35. Rce1 Bd7 36. Qd2 Nxa4 37. Rf2 Bc3 38. Qe2 Bxe1 39. Qxe1 Qg4 40. Bf3 Qg5 41. Ne6 Qe7 42. Bg5 Qe8 43. Nxf8 Qxf8 44. Qe3 Nc5 45. Bh6 Qe7 46. Bf4 Bxb5 47. Rd2 Nd7 48. Bg4 Nc5 49. Bxh3 Bd7 50. Bg2 a4 51. h4 Bg4 52. Kh2 b5 53. Rb2 Bd7 54. Bf3 Qe8 55. h5 gxh5 56. Kg2 Rg7 57. Bh6 Rg6 58. Bxh5 Bg4 59. Bxg6 Qxg6 60. Rxb5 Bc8 61. Rb8 Qg4 62. Qg5+ Qxg5 63. Bxg5 1-0


[Site "https://www.chess.com"]

[Event "Titled Tuesday Blitz November 07 Early 2023"]
[White "Mamedov, Edgar"]
[Black "Galchenko, Matvey"]
[WhiteFideId "13739980"]
[BlackFideId "24175480"]
[WhiteElo "2691"]
[BlackElo "2942"]
[Result "0-1"]
[Round "8"]
[TimeControl "180+1"]
[Date "2023.11.07"]
[WhiteClock "0:00:03"]
[BlackClock "0:00:04"]
[Board "25"]

1. d4 Nf6 2. c4 c5 3. d5 e6 4. Nc3 exd5 5. cxd5 d6 6. Nf3 g6 7. Bf4 Bg7 8. Qa4+ Bd7 9. Qb3 b5 10. Bxd6 Qb6 11. Be5 O-O 12. e3 c4 13. Qd1 b4 14. Ne2 Rc8 15. Qd4 Qa6 16. a3 Bb5 17. Qd1 bxa3 18. Rxa3 Qb7 19. Nc3 Be8 20. Ra2 Nbd7 21. Bd4 Nb6 22. Be2 Nbxd5 23. Nxd5 Nxd5 24. Bxg7 Kxg7 25. O-O Kg8 26. Qd4 Nb4 27. Ne5 Nxa2 28. Ng4 Qb6 29. Nh6+ Kf8 30. Qh8+ Ke7 31. Ng8+ Kd8 32. Rd1+ Kc7 33. Qe5+ Kb7 34. Ne7 Rab8 35. Bf3+ Ka6 36. Nxc8 Rxc8 37. Ra1 Qb3 38. Bd1 Qb4 39. Rxa2+ Kb6 40. Qf6+ Rc6 41. Qd4+ Rc5 42. Qd8+ Rc7 43. Qb8+ Rb7 44. Qxe8 Qe1# 0-1


[Site "https://www.chess.com"]

[Event "Titled Tuesday Blitz November 07 Early 2023"]
[White "Alexandre, Anne Shopie Elizabeth"]
[Black "amanmuhammethommadov"]
[WhiteFideId "11902418"]
[WhiteElo "2859"]
[BlackElo "2685"]
[Result "1-0"]
[Round "8"]
[TimeControl "180+1"]
[Date "2023.11.07"]
[WhiteClock "0:00:09"]
[BlackClock "0:00:13"]
[Board "26"]

1. c4 Nf6 2. Nc3 g6 3. d3 Bg7 4. g3 O-O 5. Bg2 d6 6. Nf3 c5 7. O-O Nc6 8. Rb1 Rb8 9. a3 a6 10. b4 cxb4 11. axb4 b5 12. cxb5 axb5 13. Bd2 Be6 14. Ng5 Bd7 15. e3 Qb6 16. Qb3 Ne5 17. Nd5 Nxd5 18. Bxd5 e6 19. Bg2 Bc6 20. f4 Bxg2 21. Kxg2 Ng4 22. Rbe1 Nf6 23. e4 d5 24. e5 Nd7 25. Nf3 Rfc8 26. Be3 Qb7 27. Rc1 Bf8 28. Kf2 Nb6 29. Bc5 Na4 30. d4 Nb6 31. Ra1 Ra8 32. g4 Ra4 33. Qd3 Nc4 34. f5 exf5 35. gxf5 Rca8 36. Rxa4 Rxa4 37. fxg6 hxg6 38. Kg1 Ra3 39. Qe2 Bh6 40. e6 Re3 41. exf7+ Qxf7 42. Qg2 Qe6 43. Ng5 Bxg5 44. Qxg5 Re1 45. Qd8+ Kh7 46. Qc7+ Kg8 47. Qd8+ Kh7 48. Qh4+ Kg7 49. Rxe1 1-0


[Site "https://www.chess.com"]

[Event "Titled Tuesday Blitz November 07 Early 2023"]
[White "Zakhartsov, Vladimir"]
[Black "Borgaonkar Akshay"]
[WhiteFideId "4145097"]
[BlackFideId "25639110"]
[WhiteElo "2837"]
[BlackElo "2681"]
[Result "0-1"]
[Round "8"]
[TimeControl "180+1"]
[Date "2023.11.07"]
[WhiteClock "0:00:00"]
[BlackClock "0:00:47"]
[Board "27"]

1. e4 c5 2. Nf3 a6 3. c3 e6 4. d4 d5 5. e5 Bd7 6. Bd3 Qb6 7. O-O Bb5 8. Bxb5+ Qxb5 9. a4 Qd7 10. Be3 c4 11. b3 cxb3 12. Qxb3 Nc6 13. Nbd2 Na5 14. Qb6 Qd8 15. Qb2 Rc8 16. Rfc1 Ne7 17. Qa2 Nc4 18. Nxc4 Rxc4 19. Nd2 Rc8 20. c4 dxc4 21. Rab1 Nd5 22. Rxb7 c3 23. Ne4 Be7 24. Bg5 O-O 25. Bxe7 Nxe7 26. Nd6 Rc7 27. Qb3 Nd5 28. g3 Rxb7 29. Qxb7 Qg5 30. Rc2 Qg6 31. Qb3 Qd3 32. Kg2 Qxd4 33. Re2 Qd3 34. Re4 Qd2 35. Nc4 Qd3 36. Nd6 h6 37. Rc4 Qe2 38. Re4 Qb2 39. Qc4 c2 40. Re1 Ne3+ 41. Rxe3 c1=Q 42. Qe4 Qcc2 43. Qf4 Qg6 44. h4 h5 45. Ne4 Qg4 46. Qxg4 hxg4 47. Ng5 Rc8 48. Re4 Rc2 49. Rf4 Qxe5 50. Rxg4 Qd5+ 51. Kg1 Qd1+ 52. Kh2 Qxg4 0-1


[Site "https://www.chess.com"]

[Event "Titled Tuesday Blitz November 07 Early 2023"]
[White "Matinian, Nikita"]
[Black "Beerdsen, Thomas"]
[WhiteFideId "24129100"]
[BlackFideId "1030108"]
[WhiteElo "2673"]
[BlackElo "2837"]
[Result "0-1"]
[Round "8"]
[TimeControl "180+1"]
[Date "2023.11.07"]
[WhiteClock "0:00:01"]
[BlackClock "0:01:16"]
[Board "28"]

1. e4 e5 2. Nf3 Nc6 3. Bb5 f5 4. Nc3 fxe4 5. Nxe4 Nf6 6. Qe2 d5 7. Nxf6+ gxf6 8. d4 Bg7 9. dxe5 O-O 10. e6 Ne5 11. Bf4 c6 12. Bd3 Qd6 13. Bg3 Bxe6 14. O-O-O Rae8 15. Rhe1 Bg4 16. Qd2 Kh8 17. Kb1 Qc5 18. Be2 Bxf3 19. gxf3 f5 20. c3 b5 21. h4 a5 22. h5 h6 23. Bf4 Kh7 24. Rg1 Rf7 25. Rg2 Nc4 26. Bxc4 Qxc4 27. Rdg1 Re2 28. Qc1 b4 29. Rg6 bxc3 30. Bxh6 Qd3+ 0-1


[Site "https://www.chess.com"]

[Event "Titled Tuesday Blitz November 07 Early 2023"]
[White "Kleiman, Jake"]
[Black "CrazyAdvenTures"]
[WhiteFideId "2020041"]
[WhiteElo "2673"]
[BlackElo "2820"]
[Result "0-1"]
[Round "8"]
[TimeControl "180+1"]
[Date "2023.11.07"]
[WhiteClock "0:00:00"]
[BlackClock "0:00:20"]
[Board "29"]

1. e4 c5 2. c3 d5 3. exd5 Qxd5 4. d4 Nf6 5. Nf3 e6 6. Na3 a6 7. Be3 cxd4 8. Nxd4 Bxa3 9. Qa4+ Nc6 10. Qxa3 Nxd4 11. Bxd4 e5 12. Be3 Bg4 13. h3 Bh5 14. c4 Qc6 15. Qc5 Qe6 16. g4 Bg6 17. Bg2 Be4 18. O-O Rc8 19. Qa7 Bxg2 20. Kxg2 O-O 21. b3 Nxg4 22. Qxb7 Nxe3+ 23. fxe3 Rc6 24. Kh2 h6 25. Rf2 e4 26. Raf1 Qe5+ 27. Kh1 Rg6 28. Rxf7 Qg3 29. Rxf8+ Kh7 30. Qxg7+ Rxg7 0-1


[Site "https://www.chess.com"]

[Event "Titled Tuesday Blitz November 07 Early 2023"]
[White "Klimkowski, Jan"]
[Black "Melian, Juan Sebastian"]
[WhiteFideId "21856222"]
[BlackFideId "3706575"]
[WhiteElo "2809"]
[BlackElo "2671"]
[Result "1-0"]
[Round "8"]
[TimeControl "180+1"]
[Date "2023.11.07"]
[WhiteClock "0:00:49"]
[BlackClock "0:00:00"]
[Board "30"]

1. e4 e5 2. Nf3 Nc6 3. Bb5 a6 4. Ba4 Nf6 5. O-O Nxe4 6. Re1 Nc5 7. Bxc6 dxc6 8. Nxe5 Be7 9. d4 Ne6 10. Be3 O-O 11. c4 Bf6 12. f4 Re8 13. Nc3 g6 14. Qd2 Ng7 15. Rad1 Be6 16. Ne4 Be7 17. d5 cxd5 18. cxd5 Bf5 19. Nc5 Qc8 20. Rc1 Bd6 21. Bf2 f6 22. Nc4 Bxc5 23. Bxc5 Qd7 24. d6 b5 25. Na5 cxd6 26. Qxd6 Qxd6 27. Bxd6 Rxe1+ 28. Rxe1 Re8 29. Kf2 Kf7 30. Nc6 Rxe1 31. Kxe1 Be4 32. Nb8 Bb7 33. g4 Ke6 34. Bf8 Ne8 35. Kd2 Nd6 36. Kd3 Ne4 37. Kd4 Nf2 38. g5 fxg5 39. fxg5 Ne4 40. h4 Ng3 41. Kc5 Nf5 42. Kb6 Be4 43. Nxa6 Bd3 44. Nc5+ Kd5 45. Nxd3 1-0


[Site "https://www.chess.com"]

[Event "Titled Tuesday Blitz November 07 Early 2023"]
[White "Skliarov, Viktor"]
[Black "Molina, Roberto Junio Brito"]
[WhiteFideId "14106736"]
[BlackFideId "2109450"]
[WhiteElo "2670"]
[BlackElo "2806"]
[Result "1/2-1/2"]
[Round "8"]
[TimeControl "180+1"]
[Date "2023.11.07"]
[WhiteClock "0:00:10"]
[BlackClock "0:00:28"]
[Board "31"]

1. e4 c6 2. d4 d5 3. e5 Bf5 4. Nf3 e6 5. Be2 Bg6 6. O-O Nd7 7. a4 Rc8 8. Na3 Ne7 9. b4 Nf5 10. c3 a5 11. Nc2 Be7 12. g4 Nh4 13. Nxh4 Bxh4 14. f4 f5 15. exf6 Bxf6 16. g5 Be7 17. Bg4 Bf5 18. Bxf5 exf5 19. Qh5+ g6 20. Qh6 Kf7 21. Re1 axb4 22. cxb4 Bd6 23. Bd2 Qf8 24. Qh3 Qg7 25. a5 Rhe8 26. a6 Rxe1+ 27. Bxe1 b5 28. Bd2 Nb6 29. a7 Ke7 30. Ra6 Bc7 31. Qc3 Kd7 32. Qc5 Qe7 33. Rxb6 Bxb6 34. Qxb6 Qe2 35. Qb7+ Rc7 36. Qxc7+ Kxc7 37. a8=Q Qd1+ 38. Ne1 Qxd2 39. Qa7+ Kc8 40. Ng2 Qd1+ 41. Kf2 Qd2+ 42. Kf3 Qd1+ 43. Kg3 Qd3+ 44. Kf2 Qd2+ 45. Kf3 Qd1+ 46. Kf2 Qd2+ 1/2-1/2


[Site "https://www.chess.com"]

[Event "Titled Tuesday Blitz November 07 Early 2023"]
[White "Sokolovsky, Yahli"]
[Black "Kislinsky, Alexey"]
[WhiteFideId "2820242"]
[BlackFideId "14108801"]
[WhiteElo "2804"]
[BlackElo "2657"]
[Result "0-1"]
[Round "8"]
[TimeControl "180+1"]
[Date "2023.11.07"]
[WhiteClock "0:00:00"]
[BlackClock "0:01:17"]
[Board "32"]

1. b3 d5 2. Bb2 Bf5 3. e3 e6 4. d4 Nf6 5. Bd3 Bxd3 6. Qxd3 c6 7. Nd2 Nbd7 8. Ngf3 Bd6 9. Ne5 c5 10. O-O O-O 11. f4 cxd4 12. exd4 Rc8 13. Rf3 g6 14. Rh3 Ne8 15. Rf1 Ng7 16. Ndf3 Be7 17. Nxd7 Qxd7 18. Ne5 Qe8 19. Ng4 Nf5 20. Ba3 h5 21. Bxe7 Qxe7 22. Ne5 b5 23. c3 b4 24. c4 dxc4 25. bxc4 Rfd8 26. Nf3 Qc7 27. d5 exd5 28. cxd5 Qc5+ 29. Kh1 Qxd5 30. Qa6 Ne3 31. Rg1 Ng4 32. Rf1 Rc2 33. Rg3 Rxa2 0-1


[Site "https://www.chess.com"]

[Event "Titled Tuesday Blitz November 07 Early 2023"]
[White "Javakhadze, Zurab"]
[Black "Adewumi, Tanitoluwa"]
[WhiteFideId "13603647"]
[BlackFideId "30966396"]
[WhiteElo "2794"]
[BlackElo "2651"]
[Result "1-0"]
[Round "8"]
[TimeControl "180+1"]
[Date "2023.11.07"]
[WhiteClock "0:00:13"]
[BlackClock "0:00:00"]
[Board "33"]

1. Nf3 Nf6 2. c4 e6 3. g3 b6 4. Bg2 Bb7 5. O-O Be7 6. Nc3 O-O 7. Re1 d5 8. d4 dxc4 9. Qa4 c5 10. dxc5 Bxc5 11. Qxc4 Nc6 12. Bg5 Be7 13. Red1 Qc8 14. Rac1 h6 15. Bxf6 Bxf6 16. Ne4 Be7 17. Qa4 Qe8 18. Nd6 Bxd6 19. Rxd6 Ne7 20. Qxe8 Rfxe8 21. Rc7 Ba6 22. Rdd7 Nd5 23. Rxa7 Rxa7 24. Rxa7 Bxe2 25. Nd4 Bd3 26. Rb7 Rc8 27. Bxd5 exd5 28. Rxb6 Rc4 29. Nc6 Be4 30. f4 d4 31. Ne5 Rc2 32. Rd6 f6 33. Rxd4 f5 34. Rb4 g5 35. a4 gxf4 36. gxf4 h5 37. a5 h4 38. a6 h3 39. a7 Rg2+ 40. Kf1 Rxh2 41. Rxe4 Rh1+ 42. Kf2 Ra1 43. Re3 h2 44. Rh3 1-0


[Site "https://www.chess.com"]

[Event "Titled Tuesday Blitz November 07 Early 2023"]
[White "Sattarov, Bobir"]
[Black "Asavasaetakul, Chawit"]
[WhiteFideId "14203081"]
[BlackFideId "6204856"]
[WhiteElo "2776"]
[BlackElo "2655"]
[Result "0-1"]
[Round "8"]
[TimeControl "180+1"]
[Date "2023.11.07"]
[WhiteClock "0:00:00"]
[BlackClock "0:00:17"]
[Board "34"]

1. e4 d5 2. exd5 Nf6 3. c4 c6 4. d4 cxd5 5. Nc3 Nc6 6. Bg5 e6 7. Nf3 Be7 8. c5 Kf8 9. Bd3 b6 10. Qa4 Bb7 11. b4 a5 12. b5 Nb4 13. Be2 bxc5 14. a3 cxd4 15. Nxd4 Rc8 16. Rc1 Ne4 17. Nxe4 Rxc1+ 18. Bxc1 dxe4 19. Bb2 Nd3+ 20. Bxd3 exd3 21. O-O h5 22. Nc6 Bxc6 23. bxc6 Qb6 24. Bd4 Bc5 25. Qc4 Bxd4 26. c7 Ke7 27. c8=Q Rxc8 28. Qxc8 Qb2 29. Qc4 d2 30. Rd1 Bc3 31. a4 Qc2 32. Qc7+ Kf6 33. Qf4+ Kg6 34. Qf3 Qxa4 35. Qg3+ Kh6 36. Qe3+ g5 37. Qf3 Kg6 38. Kf1 Qc4+ 39. Kg1 a4 40. h4 gxh4 0-1


[Site "https://www.chess.com"]

[Event "Titled Tuesday Blitz November 07 Early 2023"]
[White "Mindlin, Alon"]
[Black "Shapiro, Viktor"]
[WhiteFideId "2800071"]
[BlackFideId "4175700"]
[WhiteElo "2756"]
[BlackElo "2614"]
[Result "1-0"]
[Round "8"]
[TimeControl "180+1"]
[Date "2023.11.07"]
[WhiteClock "0:01:57"]
[BlackClock "0:01:11"]
[Board "35"]

1. d4 Nf6 2. c4 e6 3. Nc3 c5 4. d5 exd5 5. cxd5 d6 6. e4 g6 7. f3 Bg7 8. Be3 O-O 9. Qd2 a6 10. a4 h5 11. Be2 Nbd7 12. Nh3 Ne5 13. Nf2 Bd7 14. a5 b5 15. axb6 Qxb6 16. O-O Rfb8 17. b4 Qxb4 18. Rfb1 Qxb1+ 19. Rxb1 Rxb1+ 20. Nxb1 Bb5 21. Nc3 Nc4 22. Bxc4 Bxc4 23. Bh6 Bh8 24. e5 dxe5 25. Nfe4 Nxe4 26. Nxe4 Rd8 27. Qg5 Rxd5 28. Nf6+ Bxf6 29. Qxf6 Rd1+ 30. Kf2 Rf1+ 31. Kg3 1-0


[Site "https://www.chess.com"]

[Event "Titled Tuesday Blitz November 07 Early 2023"]
[White "Korchmar, Vasiliy"]
[Black "Predator0608"]
[WhiteFideId "24131750"]
[WhiteElo "2751"]
[BlackElo "2591"]
[Result "1-0"]
[Round "8"]
[TimeControl "180+1"]
[Date "2023.11.07"]
[WhiteClock "0:02:00"]
[BlackClock "0:00:15"]
[Board "36"]

1. e4 e5 2. Nf3 Nc6 3. Nc3 Nf6 4. Bb5 Bc5 5. Nxe5 Bxf2+ 6. Kxf2 Nxe5 7. d4 Neg4+ 8. Kg1 c6 9. Be2 h5 10. e5 Nd5 11. Ne4 O-O 12. h3 Nge3 13. Qd3 Nf5 14. c4 Nb4 15. Qc3 Qh4 16. Bf3 Nxd4 17. Qxd4 Nc2 18. Qd1 Nxa1 19. Bg5 1-0


[Site "https://www.chess.com"]

[Event "Titled Tuesday Blitz November 07 Early 2023"]
[White "De Silva, L M S T"]
[Black "Roebers, Eline"]
[WhiteFideId "9953698"]
[BlackFideId "1058401"]
[WhiteElo "2722"]
[BlackElo "2587"]
[Result "0-1"]
[Round "8"]
[TimeControl "180+1"]
[Date "2023.11.07"]
[WhiteClock "0:00:03"]
[BlackClock "0:00:06"]
[Board "37"]

1. Nf3 f5 2. c4 Nf6 3. Nc3 g6 4. g3 Bg7 5. Bg2 O-O 6. O-O d6 7. d4 Qe8 8. Nd2 e5 9. dxe5 dxe5 10. e4 f4 11. Nd5 Na6 12. Nb3 Nh5 13. g4 Nf6 14. Nxf6+ Bxf6 15. Qd5+ Kh8 16. h3 c6 17. Qd6 Be6 18. Nc5 Nxc5 19. Qxc5 Qe7 20. Qxe7 Bxe7 21. b3 Bc5 22. Bb2 Bd4 23. Bxd4 exd4 24. f3 Rad8 25. Rfd1 Kg7 26. c5 Kf6 27. Bf1 Ke5 28. Rac1 Rd7 29. h4 Rfd8 30. Bd3 Rc7 31. Rd2 b6 32. Kf2 b5 33. Ke2 a5 34. Rb2 b4 35. Rd2 Ra8 36. Bc4 Bc8 37. Rcd1 Rd7 38. Rh1 h6 39. g5 h5 40. a4 Bb7 41. Rc1 Rf8 42. Kd3 Bc8 43. Re2 Re7 44. Rd1 Bh3 45. Rf2 Rd8 46. Kc2 Bc8 47. Bf1 Bd7 48. Rdd2 Be6 49. Rh2 Red7 50. Bd3 Re7 51. Bf1 Red7 52. Rd3 Re7 53. Kd2 Red7 54. Bh3 Re7 55. Bxe6 Kxe6 56. Rh1 Ke5 57. Rc1 Red7 58. Rc4 Re7 59. Kc2 Red7 60. Kc1 Re7 61. Kd2 Red7 62. Kc2 Re7 63. Rd1 Red7 64. Kd3 Re7 65. Rc2 Red7 66. Kc4 d3 0-1


[Site "https://www.chess.com"]

[Event "Titled Tuesday Blitz November 07 Early 2023"]
[White "GaiozNigalidze"]
[Black "Kalogeris, Ioannis"]
[BlackFideId "4239563"]
[WhiteElo "2721"]
[BlackElo "2583"]
[Result "1-0"]
[Round "8"]
[TimeControl "180+1"]
[Date "2023.11.07"]
[WhiteClock "0:00:29"]
[BlackClock "0:00:00"]
[Board "38"]

1. d4 Nf6 2. c4 c6 3. Nc3 d5 4. cxd5 cxd5 5. Bf4 Nc6 6. e3 Bf5 7. Qb3 Na5 8. Qa4+ Bd7 9. Qd1 Rc8 10. Nf3 Bg4 11. Bb5+ Nc6 12. Qa4 Bxf3 13. gxf3 a6 14. Bd3 e6 15. a3 Nh5 16. Bg3 Be7 17. Rc1 O-O 18. O-O g6 19. b4 Nxg3 20. hxg3 Kg7 21. Kg2 h5 22. f4 Rh8 23. Rh1 Qd6 24. Be2 Na7 25. Qb3 Rc7 26. Na4 Rhc8 27. Rxc7 Qxc7 28. Nc5 a5 29. Rc1 Qd8 30. Nxb7 Qd7 31. Rxc8 Qxc8 32. Nxa5 h4 33. gxh4 Qc1 34. b5 Nc8 35. b6 Bxh4 36. Bd3 Qe1 37. Qc2 Nxb6 38. Nb3 Nc4 39. Qe2 Qc3 40. Nc5 Nxa3 41. Bxg6 fxg6 42. Qg4 Bf6 43. Nxe6+ Kf7 44. Nc5 Nc4 45. Qd7+ Kg8 46. Qxd5+ Kh7 47. Qd7+ Kh6 48. Qh3+ Kg7 49. Ne6+ Kf7 50. d5 Qd3 51. Qh7+ Ke8 52. Qg8+ Ke7 53. Qf8+ Kd7 54. Nc5+ Kc7 55. Nxd3 1-0


[Site "https://www.chess.com"]

[Event "Titled Tuesday Blitz November 07 Early 2023"]
[White "Bettalli, Francesco"]
[Black "Malek, Jan"]
[WhiteFideId "2816453"]
[BlackFideId "21864080"]
[WhiteElo "2546"]
[BlackElo "2713"]
[Result "0-1"]
[Round "8"]
[TimeControl "180+1"]
[Date "2023.11.07"]
[WhiteClock "0:01:25"]
[BlackClock "0:01:06"]
[Board "39"]

1. e4 c6 2. d4 d5 3. exd5 cxd5 4. Bd3 Nc6 5. c3 g6 6. Bf4 Bf5 7. Be2 e6 8. Nd2 h5 9. h4 Bd6 10. Bg5 Be7 11. Ngf3 Nf6 12. Nf1 Ne4 13. Bf4 Bd6 14. Bxd6 Qxd6 15. Ne3 Bg4 16. Qb3 Qc7 17. Nxg4 hxg4 18. Ne5 Nxe5 19. dxe5 Qxe5 20. Qxb7 O-O 21. Qb3 g3 22. f3 Nf2 23. Rf1 Rab8 24. Qc2 Rxb2 0-1


[Site "https://www.chess.com"]

[Event "Titled Tuesday Blitz November 07 Early 2023"]
[White "Yeletsky, Ivan"]
[Black "Kanyamarala, Trisha"]
[WhiteFideId "24180327"]
[BlackFideId "45004722"]
[WhiteElo "2931"]
[BlackElo "2517"]
[Result "1-0"]
[Round "8"]
[TimeControl "180+1"]
[Date "2023.11.07"]
[WhiteClock "0:00:04"]
[BlackClock "0:00:00"]
[Board "40"]

1. Nc3 d5 2. e4 d4 3. Nce2 e5 4. Ng3 c5 5. Bc4 Nf6 6. d3 Be7 7. Nf3 Nc6 8. O-O O-O 9. a3 a6 10. Ba2 b5 11. h3 Kh8 12. Ng5 Qe8 13. f4 h6 14. Nf3 Nd7 15. f5 Nf6 16. Nh2 c4 17. dxc4 b4 18. c5 Bxc5 19. Kh1 Bb7 20. Ng4 Be7 21. Nxf6 Bxf6 22. Qg4 Ne7 23. Nh5 Ng8 24. axb4 Qb5 25. Bd2 Rac8 26. Bb3 Rc7 27. Rae1 Rfc8 28. Rf3 Qe8 29. Rg3 Qf8 30. c3 dxc3 31. bxc3 Rd8 32. Bc1 Rdc8 33. Bd2 Rd8 34. Re2 Rcd7 35. Be3 Rd3 36. Bc5 Rxg3 37. Qxg3 Be7 38. Bxe7 Nxe7 39. f6 gxf6 40. Nxf6 Ng6 41. Ng4 Qg7 42. Kh2 h5 43. Ne3 h4 44. Qg5 Rf8 45. Nf5 Qh7 46. Qf6+ Kg8 47. Rf2 Bc8 48. Bd5 Bxf5 49. Rxf5 1-0


[Site "https://www.chess.com"]